 Dungeon Crawl Stone Soup version 0.27.0-1-g7a089689b8 (webtiles) character file.

Game seed: 9735076177837333961

158 zarnack the Skirmisher (level 5, -9/46 HPs)
             Began as a Draconian Fighter on Aug 10, 2021.
             Mangled by an ogre (18 damage)
             ... on level 4 of the Dungeon.
             The game lasted 00:10:25 (649 turns).

zarnack the Skirmisher (Draconian Fighter)           Turns: 649, Time: 00:10:26

Health: -9/46      AC:  5    Str: 20    XL:     5   Next: 16%
Magic:  5/5        EV: 10    Int:  8    God:
Gold:   76         SH:  9    Dex: 10    Spells: 4/4 levels left

rFire    . . .     SeeInvis .   a - +0 long sword (freeze)
rCold    . . .     Faith    .   b - +0 kite shield
rNeg     . . .     Spirit   .   (armour unavailable)
rPois    .         Reflect  .   (helmet restricted)
rElec    .         Harm     .   (no cloak)
rCorr    .         Rampage  .   (no gloves)
Will     .....                  (no boots)
Stlth    +.........             (no amulet)
HPRegen  0.15/turn              (no ring)
MPRegen  0.09/turn              (no ring)

@: no status effects
A: AC +5, unfitting armour, cold-blooded
a: no special abilities


You were on level 4 of the Dungeon.
You visited 1 branch of the dungeon, and saw 4 of its levels.

You collected 76 gold pieces.

Inventory:

Hand Weapons
 a - a +0 long sword of freezing (weapon)
Missiles
 c - 23 arrows
 e - 38 stones
 k - 4 javelins (quivered)
Armour
 b - a +0 kite shield (worn)
Scrolls
 d - a scroll of enchant armour {unknown}
 f - a scroll of fog {unknown}
 g - 2 scrolls of teleportation {unknown}
 h - 2 scrolls of identify {unknown}
 i - a scroll of noise {unknown}


   Skills:
 + Level 4.3 Fighting
 + Level 3.2 Long Blades
 + Level 3.4 Dodging
 + Level 0.3 Stealth
 + Level 3.8 Shields


You had 4 spell levels left.
You didn't know any spells.
Your spell library was empty.

Dungeon Overview and Level Annotations

Branches:
Dungeon (4/15)             Temple (0/1) D:4

Altars:

Shops:
D:4 *


Innate Abilities, Weirdness & Mutations

Your plain brown scales are hard. (AC +5)
You cannot fit into any form of body armour.
You are cold-blooded and may be slowed by cold attacks.


Message History

Found 4 javelins.
You barely miss the ball python. The ball python barely misses you.
The ball python grabs you. The ball python constricts you.
You closely miss the ball python. You tail-slap the ball python.
You kill the ball python!
You see here a ball python corpse.
You see here 4 javelins.
k - 4 javelins You drop 2 fizzy cyan potions.
An ogre comes into view. It is wielding a +0 giant spiked club.
Found a ring mail.
Found an escape hatch in the floor.
An ogre is nearby!
You barely miss the ogre. You tail-slap the ogre.
The ogre is lightly wounded.
You block the ogre's attack.
You hit the ogre but do no damage. You tail-slap the ogre.
The ogre is moderately wounded.
You block the ogre's attack.
You slash the ogre! You freeze the ogre.
The ogre is severely wounded.
The ogre hits you with a +0 giant spiked club!!
Ouch! That really hurt!
* * * LOW HITPOINT WARNING * * *
You barely miss the ogre.
The ogre is severely wounded.
The ogre barely misses you.
You riposte.
You hit the ogre. You freeze the ogre.
The ogre is severely wounded.
The ogre barely misses you.
You riposte.
You hit the ogre. You freeze the ogre.
The ogre is almost dead.
You barely miss the ogre.
The ogre is almost dead.
The ogre closely misses you.
You riposte.
You hit the ogre but do no damage.
The ogre is almost dead.
Your shield prevents you from hitting the ogre.
The ogre is almost dead.
You block the ogre's attack.
You completely miss the ogre.
The ogre is almost dead.
The ogre hits you with a +0 giant spiked club!!
You die...

..........# ##..# #......[
...<...#...####..## #.......
......###..#.###..### .>......
....### #....###.#..#.#.
.......
....#######.............
......#
...##.#.#####.#...##.#.# #....#
...#.....####.#...##.### #...#
#...[##.###......###..#####..##
##..###.......#.@# #.#.......#
###..#.....#..##O# ##......#..#
.....##....#.###.###......!#..#
.....##.....<......O#.†....#..#
.....#...........#........##..#
##.†.†...........#..#.........#
##..............#..#.....#..##
#..#...##.........##..######
####..#.#...#...#######


You could see an ogre.

Vanquished Creatures
  A black bear (D:4)
  A jelly (D:4)
  A hound skeleton (D:4)
  A dart slug (D:4)
  A giant cockroach (D:1)
  3 hobgoblins
  7 jackals
  2 ball pythons (D:4)
  A goblin (D:1)
  A rat (D:3)
19 creatures vanquished.

Notes
Turn   | Place    | Note
-------+----------+-------------------------------------------
     0 | D:1      | zarnack the Draconian Fighter began the quest for the Orb.
     0 | D:1      | Reached XP level 1. HP: 19/19 MP: 1/1
   221 | D:2      | Reached XP level 2. HP: 17/27 MP: 2/2
   463 | D:4      | Reached skill level 4 in Fighting
   463 | D:4      | Reached XP level 3. HP: 21/33 MP: 3/3
   498 | D:4      | Found a staircase to the Ecumenical Temple.
   504 | D:4      | Found Acyav's Assorted Antiques.
   536 | D:4      | Noticed a black bear
   546 | D:4      | Killed a black bear
   547 | D:4      | Reached XP level 4. HP: 15/40 MP: 4/4
   547 | D:4      | Reached XP level 5. HP: 17/46 MP: 5/5
   624 | D:4      | Noticed an ogre
   649 | D:4      | Mangled by an ogre

Illustrated notes

Levels and vault maps discovered:
D:1:      elethiomel_arrival_maze, layout_basic
D:2:      layout_basic, hellmonk_ecumenical_altar_pennies_from_heaven,
          serial_shops, shop_statue, chequers_serial_rivers_small_3,
          uniq_jessica
D:3:      layout_loops_cross, nzn_wu_jian_council_hall
D:4:      layout_cave_pools, minmay_temple_entry_ruins, serial_shops, shop

Skill      XL: |  1  2  3 |
---------------+----------+-----
Fighting       | 4 |  4.3
Dodging        | 3 |  3.4
Long Blades    | 3 |  3.2
Stealth        | |  0.3
Shields        | |  3.8

Action                   |  1- 3 |  4- 6 || total
-------------------------+-------+-------++-------
Melee: Long sword        |    40 |    14 ||    54
       Tailslap          |     8 |     4 ||    12
Throw: Stone             |     1 |       ||     1
  Use: Scroll            |     1 |       ||     1
       Potion            |     1 |       ||     1
Armor: Skin              |    21 |     2 ||    23
Dodge: Dodged            |    44 |     9 ||    53
Block: Kite shield       |    34 |     7 ||    41
       Rpst.: Long sword |    13 |     3 ||    16
